cohdb
Replays
Latest Replays
All Replays
Popular Replays
Top Player Replays
Match Explorer
How It Works
Community
CoH3 Stats
Reddit
Sign in to upload your games and track your stats! →
Sign in with Steam
Match 43262662
Unlisted
Match 43262662
Overview
Messages
Build Orders
End
Construct Infanterie Kompanie
Pioneer Squad
Grenadier Squad
MG 42 Machine Gun Team
GrW 34 Mortar Team
Construct Luftwaffe Kompanie
221 Scout Car
Selects Breakthrough Battlegroup
Selects Rapid Production
Jäger Squad
Support Elements
Jäger Squad
Selects Assault Grenadiers
Selects Breakthrough
Selects Incendiary Bombing Run
Wirbelwind Flakpanzer
Marder III M Tank Destroyer
Medical Station
Incendiary Bombing Run
insane
iceman
Rancerd
klj207
0
0
Comments
sign in to comment!
No comments posted yet!